 Dungeon Crawl Stone Soup version 0.30-a0-263-ge22c4ad894 (webtiles) character file.

Game seed: 2494418274811540638

8381 nono the Protected (level 11, -1/101 HPs)
             Began as an Armataur Fighter on Oct 13, 2022.
             Was an Initiate of the Shining One.
             Slain by a two-headed ogre
             ... wielding a +0 giant spiked club
              (20 damage)
             ... on level 10 of the Dungeon.
             The game lasted 00:19:10 (11194 turns).

nono the Protected (Armataur Fighter)              Turns: 11194, Time: 00:19:12

Health: -1/101     AC: 14    Str: 26    XL:     11   Next: 9%
Magic:  11/11      EV:  6    Int:  9    God:    the Shining One [......]
Gold:   669        SH:  7    Dex: 15    Spells: 10/10 levels left

rFire   . . .      SeeInvis .    a - +0 hammer (venom)
rCold   . . .      Faith    .    c - +0 buckler
rNeg    . . .      Spirit   .    f - +0 chain mail
rPois   +          Reflect  .    F - +0 helmet
rElec   .          Harm     .    t - +0 cloak
rCorr   .          Roll     +    (no gloves)
Will    .....                    (no barding)
Stlth   ..........               w - amulet of the acrobat
HPRegen 0.36/turn                r - ring of poison resistance
MPRegen 0.12/turn                N - +6 ring of dexterity

@: glowing
A: large, rugged brown scales 3, deformed body, armoured tail, roll, long
tongue, awkward tongue
a: Renounce Religion


You were on level 10 of the Dungeon.
You worshipped the Shining One.
The Shining One was noncommittal.
You visited 2 branches of the dungeon, and saw 11 of its levels.

You collected 669 gold pieces.

Inventory:

Hand Weapons
 a - a +0 hammer of venom (weapon)
 b - a +2 flail of holy wrath
 p - a +0 flail
 L - a +1 whip of flaming
Missiles
 K - a throwing net (quivered)
Armour
 c - a +0 buckler (worn)
 f - a +0 chain mail (worn)
 t - a +0 cloak (worn)
 A - a +0 plate armour
 F - a +0 helmet (worn)
 M - a +0 scale mail
Jewellery
 r - a ring of poison resistance (left hand)
 w - an amulet of the acrobat (around neck)
 B - a ring of flight
 I - an amulet of reflection
 N - a +6 ring of dexterity (right hand)
 V - a ring of positive energy
Wands
 s - a wand of polymorph (7)
 x - a wand of roots (16)
 G - a wand of digging (6)
 H - a wand of flame (34)
 O - a wand of acid (15)
 Q - a wand of charming (8)
Scrolls
 e - a scroll of magic mapping {unknown}
 i - a scroll of vulnerability {unknown}
 k - 2 scrolls of immolation {unknown}
 l - 4 scrolls of poison {unknown}
 o - 7 scrolls of teleportation {unknown}
 y - 2 scrolls of silence {unknown}
 E - a scroll of amnesia {unknown}
 P - 2 scrolls of fear {unknown}
 R - 3 scrolls of identify
 S - a scroll of enchant weapon {unknown}
 T - a scroll of butterflies {unknown}
Potions
 d - 2 potions of might
 g - 2 potions of heal wounds {unknown}
 h - 4 potions of haste
 j - 8 potions of curing
 m - a potion of flight
 n - 3 potions of attraction
 q - 2 potions of resistance {unknown}
 u - a potion of lignification
 v - 6 potions of cancellation {unknown}
 z - 2 potions of mutation {unknown}
 C - a potion of brilliance
 D - 2 potions of berserk rage
 J - a potion of experience
 U - a potion of ambrosia {unknown}


   Skills:
 + Level 8.5 Fighting
 + Level 8.1 Maces & Flails
 + Level 11.0 Armour
 + Level 10.0 Shields


You had 10 spell levels left.
You didn't know any spells.
Your spell library contained the following spells:

 Spells                   Type           Power      Damage    Failure   Level
 Sandblast                Erth           0%         2d4       91%         1
 Blink                    Tloc           0%         N/A       97%         2
 Passwall                 Tmut/Erth      0%         N/A       97%         2
 Stone Arrow              Conj/Erth      0%         3d7       100%        3
 Animate Dead             Necr           0%         N/A       100%        4
 Manifold Assault         Tloc           0%         N/A       100%        4
 Haunt                    Necr/Summ      0%         N/A       100%        7
 Storm Form               Tmut/Air       0%         N/A       100%        7
 Infestation              Necr           0%         N/A       100%        8


Dungeon Overview and Level Annotations

Branches:
Dungeon (10/15)            Temple (1/1) D:6            Lair (0/5) D:9
    Orc (0/2) D:10

Altars:
Ashenzari
Cheibriados
Dithmenos
Elyvilon
Fedhas
Gozag
Hepliaklqana
Kikubaaqudgha
Makhleb
Nemelex Xobeh
Okawaru
Qazlal
Ru
Sif Muna
Trog
Uskayaw
Vehumet
Wu Jian
Xom
Yredelemnul
Zin
The Shining One
Lugonu

Shops:
D:2 *   D:6 ?:=*   D:7 (


Innate Abilities, Weirdness & Mutations

You are completely covered in rugged brown scales. (AC +3, +7% HP)
Armour fits poorly on your strangely shaped body.
You have a long armoured tail.
You roll when moving toward enemies. (Rampage)
Your long tongue fully drains potion bottles. (2x potion effects)
Your tongue gives you trouble enunciating. (1.5x scroll delay)


Message History

There is an open door here.
n - 3 potions of attraction (gained 2)
You and your allies can no longer gain power from killing the unholy and evil.
You can no longer call upon the Shining One for a divine shield.
Found a long sword.
Found 8 stones.
You open the door.
There is an open door here.
Found a stone staircase leading up.
j - 8 potions of curing (gained 1)
Found a helmet.
You open the door.
There is an open door here.
You open the door.
A two-headed ogre comes into view.
It is wielding a +0 giant spiked club and a +0 giant club.
The two-headed ogre shouts in stereo!
You hit the two-headed ogre.
The two-headed ogre is lightly wounded.
The two-headed ogre hits you with a +0 giant spiked club!
The two-headed ogre hits you with a +0 giant club!
Your +2 flail of holy wrath stops glowing.
Your +0 hammer of venom begins to drip with poison!
a - a +0 hammer of venom (weapon)
You thump the two-headed ogre!
The two-headed ogre is poisoned.
The two-headed ogre is moderately wounded.
The two-headed ogre hits you with a +0 giant spiked club!
The two-headed ogre hits you with a +0 giant club!
You barely miss the two-headed ogre. You tail-slap the two-headed ogre.
The two-headed ogre is moderately wounded.
The two-headed ogre barely misses you.
The two-headed ogre hits you with a +0 giant club!!
The two-headed ogre attacks as you move away!
You block the two-headed ogre's attack. The two-headed ogre misses you.
You sock the two-headed ogre!
The two-headed ogre looks as sick as possible!
The two-headed ogre is heavily wounded.
The two-headed ogre hits you with a +0 giant spiked club!!
* * * LOW HITPOINT WARNING * * *
The two-headed ogre hits you with a +0 giant club!!
You die...

#.####..#.......
#.......#.....##....#
#.......########....#
#..(....#.....##....#
#.......#.....##....#
#.......#.....# ....#
#.#####.#'###### ...#
#..............###'##.#
#........#.....@O.....#
#........#............#
#........#................
#....<.........[..........
##########################


You could see a two-headed ogre (extremely poisoned).

Vanquished Creatures
  Gastronok (D:9)
  Pikel (D:6)
  Joseph (D:9)
  Maggie (D:7)
  2 trolls
  A hornet (D:9)
  A wraith (D:9)
  A vampire (D:9)
  A wyvern (D:7)
  11 yaks (D:10)
  A steam dragon (D:7)
  Edmund (D:6)
  A swamp drake (D:10)
  A black bear (D:4)
  An orc warrior (D:6)
  2 ice beasts
  2 sky beasts
  3 ogres
  5 centaurs
  2 kobold brigands
  Blork the orc (D:6)
  2 bullfrogs
  A necrophage (D:5)
  A scorpion (D:5)
  7 wights
  3 killer bees (D:8)
  A howler monkey (D:6)
  3 hounds
  4 jellies
  6 orc priests
  Crazy Yiuf (D:2)
  Ijyb (D:3)
  7 orc wizards
  Natasha (thrice) (D:3)
  An iguana (D:4)
  9 gnolls
  4 adders
  3 shadow imps
  A white imp (D:6)
  An ufetubus (D:6)
  5 worms
  2 dart slugs (D:2)
  38 orcs
  12 endoplasms
  5 giant cockroaches
  7 goblins
  6 hobgoblins
  7 jackals
  18 kobolds
  3 quokkas
  9 ball pythons
  7 bats
  2 frilled lizards
  5 rats
226 creatures vanquished.

Vanquished Creatures (others)
  An orc warrior (D:10)
  A withered plant (D:4)
2 creatures vanquished.

Grand Total: 228 creatures vanquished

Notes
Turn   | Place    | Note
-------+----------+-------------------------------------------
     0 | D:1      | nono the Armataur Fighter began the quest for the Orb.
     0 | D:1      | Reached XP level 1. HP: 19/19 MP: 1/1
    40 | D:1      | You fall into a shaft and drop 1 floor!
    74 | D:2      | Reached XP level 2. HP: 26/26 MP: 2/2
   196 | D:2      | Found Geadig's General Store.
   353 | D:2      | Reached skill level 4 in Armour
   534 | D:2      | Reached XP level 3. HP: 28/33 MP: 3/3
   814 | D:2      | Found a runed translucent door.
   848 | D:2      | Noticed Crazy Yiuf
  1355 | D:1      | Reached XP level 4. HP: 40/40 MP: 4/4
  1719 | D:2      | Killed Crazy Yiuf
  1883 | D:3      | Noticed Natasha
  1888 | D:3      | Killed Natasha
  1889 | D:3      | Reached XP level 5. HP: 32/48 MP: 5/5
  1980 | D:3      | Noticed Natasha
  1987 | D:3      | Killed Natasha
  2073 | D:3      | Noticed Natasha
  2079 | D:3      | Killed Natasha
  2184 | D:3      | Noticed Ijyb
  2198 | D:3      | Killed Ijyb
  2199 | D:3      | Reached skill level 5 in Armour
  2217 | D:3      | Reached XP level 6. HP: 22/55 MP: 6/6
  2460 | D:3      | Found a white marble altar of Elyvilon.
  2516 | D:3      | Found a sacrificial altar of Ru.
  2614 | D:3      | Found a shimmering altar of Xom.
  2620 | D:3      | Found an opulent altar of Gozag.
  2732 | D:3      | Found a blossoming altar of Fedhas.
  3372 | D:4      | Reached skill level 5 in Shields
  3468 | D:4      | Found a hazy altar of Hepliaklqana.
  3610 | D:4      | Found a basalt altar of Yredelemnul.
  3831 | D:5      | Entered Level 5 of the Dungeon
  3895 | D:5      | Reached XP level 7. HP: 56/62 MP: 7/7
  4054 | D:5      | Reached skill level 6 in Armour
  4656 | D:5      | Identified the +11 chain mail of Twilight {Harm rC+++ rCorr
                  | MP-9}
  4773 | D:5      | Found a bloodstained altar of Trog.
  4871 | D:6      | Reached skill level 5 in Fighting
  4871 | D:6      | Reached XP level 8. HP: 64/72 MP: 8/8
  5048 | D:6      | Found Seytso's Book Emporium.
  5126 | D:6      | Found a staircase to the Ecumenical Temple.
  5169 | D:6      | Reached skill level 7 in Armour
  5194 | D:6      | Found Soam's Jewellery Shoppe.
  5196 | Temple   | Entered the Ecumenical Temple
  5384 | D:6      | Found Xaimi's Magic Scroll Emporium.
  5423 | D:6      | Found Omog Erad's General Store.
  5467 | D:6      | Reached skill level 5 in Maces & Flails
  5519 | D:6      | Noticed Pikel
  5541 | D:6      | Killed Pikel
  5542 | D:6      | Reached XP level 9. HP: 66/80 MP: 9/9
  5566 | D:6      | Reached skill level 8 in Armour
  5681 | D:6      | Noticed Edmund
  5700 | D:6      | Killed Edmund
  6009 | D:6      | Noticed Blork the orc
  6017 | D:6      | Killed Blork the orc
  6176 | D:7      | Found a shadowy altar of Dithmenos.
  6272 | D:7      | Found Ziennun's Weapon Shop.
  6390 | D:7      | Noticed Maggie
  6406 | D:7      | Killed Maggie
  6982 | D:7      | Found a snail-covered altar of Cheibriados.
  7169 | D:8      | Reached skill level 9 in Armour
  7751 | D:8      | Identified the +1 pair of boots of Midnight {Int+2}
  7785 | D:8      | Found a glowing golden altar of the Shining One.
  7802 | D:8      | Became a worshipper of the Shining One
  8061 | D:8      | Found a sparkling altar of Nemelex Xobeh.
  8180 | D:9      | Reached XP level 10. HP: 76/92 MP: 10/10
  8482 | D:9      | Noticed Gastronok
  8501 | D:9      | Killed Gastronok
  8603 | D:9      | Found a broken altar of Ashenzari.
  8615 | D:9      | Found a staircase to the Lair.
  8618 | D:9      | Noticed Joseph
  8629 | D:9      | Killed Joseph
  8630 | D:9      | Reached skill level 10 in Armour
  9892 | D:9      | Found a shimmering blue altar of Sif Muna.
  9915 | D:10     | Entered Level 10 of the Dungeon
  9924 | D:10     | Found a stormy altar of Qazlal.
 10337 | D:10     | Reached XP level 11. HP: 78/101 MP: 11/11
 10461 | D:10     | Reached skill level 10 in Shields
 10768 | D:10     | Reached * piety under the Shining One
 11000 | D:10     | Found a staircase to the Orcish Mines.
 11012 | D:10     | Reached skill level 11 in Armour
 11183 | D:10     | Noticed a two-headed ogre
 11194 | D:10     | Slain by a two-headed ogre

Illustrated notes

Levels and vault maps discovered:
D:1:      dpeg_arrival_rooms_with_view, layout_rooms, minmay_bisected
D:2:      layout_basic, serial_shops, nicolae_shop_hallway_plus,
          uniq_crazy_yiuf_cottage
D:3:      layout_loops_ring, general_overflow_altar, fedhas_altar_2, minitemple,
          lemuel_round_altar, ebering_dispersal_statue_hall, uniq_natasha,
          uniq_ijyb
D:4:      layout_basic, yredelemnul_altar_generic,
          nicolae_hepliaklqana_hippocampus
D:5:      nicolae_cairo_tiling_very_big, layout_loops_ring, lemuel_round_altar
D:6:      layout_rooms, temple_statues, serial_shops, shop,
          nicolae_shop_hallway_plus, shop, shop_statue, minmay_misc_feat_rugged,
          st_stairs_11, uniq_edmund, uniq_blork_the_orc, uniq_pikel
D:7:      layout_gridville, mainiacjoe_overflow_alcove_1, slow_altar_2,
          serial_shops, nicolae_shop_temple_entry_statues_fountains, uniq_maggie
D:8:      layout_loops_ring, lemuel_crystal_altar, lemuel_coloured_pillars_altar
D:9:      layout_layer_cave, mainiacjoe_overflow_concentric_impassable,
          lemuel_blue_sif_altar, lair_entry_dummy, uniq_gastronok, uniq_joseph
D:10:     layout_stronghold, mainiacjoe_overflow_catwalk, erik_orc_1
Temple:   corrupted_temple

Skill      XL: |  1  2  3  4  5  6  7  8  9 10 11 |
---------------+----------------------------------+-----
Maces & Flails | 2 3 4 5 6 8 |  8.1
Armour         | 4 5 6 7 9 10 11 | 11.0
Fighting       | 3 4 5 6 7 8 |  8.5
Shields        | 4 5 6 7 8 9 10 | 10.0

Action                   |  1- 3 |  4- 6 |  7- 9 | 10-12 || total
-------------------------+-------+-------+-------+-------++-------
Melee: Flail             |    66 |     8 |    22 |    96 ||   192
       Tailslap          |    12 |     9 |    46 |    43 ||   110
       Mace              |    56 |   145 |   330 |    70 ||   601
  Use: Potion            |       |     1 |       |       ||     1
       Scroll            |       |       |     6 |       ||     6
Armor: Scale mail        |     4 |       |       |       ||     4
       Chain mail        |    67 |    93 |   210 |    90 ||   460
Dodge: Dodged            |    33 |    41 |   165 |    77 ||   316
Block: Buckler           |    23 |    36 |    94 |    61 ||   214

Table legend: (Time is in decaauts)
 A = Elapsed time spent in this place.
 B = Non-inter-level travel time spent in this place.
 C = Inter-level travel time spent in this place.
 D = Time resting spent in this place.
 E = Time spent auto-exploring this place.
 F = Levels seen in this place.
 G = Mean time per level.
                   A        B        C        D        E       F      G
               +--------+--------+--------+--------+--------+-----+--------+
         Total |  11365 |  10925 |    440 |    526 |   8556 |  11 | 1033.2 |
       Dungeon |  11204 |  10776 |    428 |    526 |   8415 |  10 | 1120.4 |
        Temple |    160 |    148 |     12 |      0 |    141 |   1 |  160.0 |
               +--------+--------+--------+--------+--------+-----+--------+

Top non-repeatable levels by time:
     D:9: 1792 daAuts
    D:10: 1278 daAuts
     D:2: 1175 daAuts
     D:5: 1167 daAuts
     D:4: 1046 daAuts
     D:6: 1027 daAuts
     D:7: 1011 daAuts
     D:3: 997 daAuts
     D:8: 994 daAuts
     D:1: 713 daAuts
  Temple: 160 daAuts
